 Dungeon Crawl Stone Soup version 0.23-a0-8-gb809bb7 (webtiles) character file.

215394 Amnesiac the Stormcaller (level 18, -1/149 HPs)
             Began as a Mummy Air Elementalist on Aug 2, 2018.
             Was a High Priest of Sif Muna.
             Slain by a wolf spider (19 damage)
             ... on level 4 of the Spider Nest.
             The game lasted 01:53:33 (49040 turns).

Amnesiac the Stormcaller (Mummy Air Elementalist)  Turns: 49040, Time: 01:53:34

Health: -1/149     AC: 18    Str: 11 (13) XL:     18   Next: 70%
Magic:  0/47       EV: 23    Int: 23 (31) God:    Sif Muna [*****.]
Gold:   2831       SH:  8    Dex: 15 (16) Spells: 18/47 levels left

rFire    x . .     SeeInvis .   a - +9 long sword "Tojaen" {slice, rN+}
rCold    + + .     Gourm    .   K - +3 buckler
rNeg     + + +     Faith    .   o - +4 robe "Kudaole" {rCorr Str+2 Int+4}
rPois    ∞         Spirit   .   k - +3 hat of Pondering {ponderous, MR+ MP+10 Int+5}
rElec    .         Reflect  .   h - +0 cloak
rCorr    +         Harm     .   M - +2 pair of gloves {Dex+3}
MR       ++++.                  g - +2 pair of boots
Stlth    ++++......             q - amulet of magic regeneration
HPRegen  0.34/turn              I - +2 ring of protection
MPRegen  0.55/turn              J - ring "Batyubemo" {rCorr rC+ MR+ Stlth+}

@: divine energy, deflect missiles, slow
A: no food or potions, fire vulnerability, cold resistance 1, negative energy
resistance 3, torment resistance, unbreathing, in touch with death 1
a: Stop Divine Energy, Channel Magic, Forget Spell, Renounce Religion


You were on level 4 of the Spider Nest.
You worshipped Sif Muna.
Sif Muna was extremely pleased with you.
You were not hungry.

You visited 6 branches of the dungeon, and saw 27 of its levels.
You also visited: Labyrinth and Ice Cave.

You collected 3577 gold pieces.
You spent 746 gold pieces at shops.

Inventory:

Hand Weapons
 a - the +9 long sword "Tojaen" (weapon) {slice, rN+}
   (You found it on level 11 of the Dungeon)

   It inflicts extra damage upon your enemies.
   It protects you from negative energy.
 b - a +0 blowgun
Missiles
 v - 6 curare-tipped needles
Armour
 g - a +2 pair of boots (worn)
 h - a +0 cloak (worn)
 k - the +3 hat of Pondering (worn) {ponderous, MR+ MP+10 Int+5}
   (You took it off Gastronok on level 1 of the Lair of Beasts)

   It affects your intelligence (+5).
   It affects your resistance to hostile enchantments.
   It affects your magic capacity (+10).
 o - the +4 robe "Kudaole" (worn) {rCorr Str+2 Int+4}
   (You bought it in a shop on level 2 of the Elven Halls)

   It affects your strength (+2).
   It affects your intelligence (+4).
   It provides partial protection from all sources of acid and corrosion.
 K - a +3 buckler (worn)
 M - a +2 pair of gloves of dexterity (worn)
Magical Staves
 w - an uncursed staff of wizardry
Jewellery
 p - an uncursed ring of flight
 q - an amulet of magic regeneration (around neck)
 x - the macabre finger necklace {rN+}
   (You found it on level 11 of the Dungeon)

   [amulet of nothing]

   It protects you from negative energy.
 I - a +2 ring of protection (left hand)
 J - the ring "Batyubemo" (right hand) {rCorr rC+ MR+ Stlth+}
   (You found it on level 6 of the Lair of Beasts)

   [ring of resist corrosion]

   It protects you from cold.
   It affects your resistance to hostile enchantments.
   It makes you more stealthy.
Wands
 e - a wand of paralysis (50)
 i - a wand of digging (43)
 l - a wand of flame (55)
 m - a wand of polymorph (26)
 r - a wand of disintegration (61)
 s - a wand of enslavement (15)
 A - a wand of iceblast (7)
 H - a wand of random effects (59)
Scrolls
 c - a scroll of enchant weapon {!r}
 d - 7 scrolls of teleportation {!r}
 j - 3 scrolls of magic mapping {!r}
 n - 5 scrolls of remove curse {!r}
 t - a scroll of blinking {!r}
 u - 3 scrolls of immolation {!r}
 y - 4 scrolls of amnesia {!r}
 z - 4 scrolls of fog {!r}
 B - 8 scrolls of identify {!r}
 C - a scroll of brand weapon {!r}
 D - 4 scrolls of silence {!r}
 F - 2 scrolls of fear {!r}
 G - a scroll of summoning {!r}
 Q - a scroll of acquirement {!r}
 R - a scroll of torment {!r}
Miscellaneous
 E - a lightning rod (3/4)
 L - a lamp of fire (inert)
 N - a fan of gales
 O - a phial of floods (inert)
 P - a sack of spiders


   Skills:
 - Level 15.0 Fighting
 - Level 15.0 Dodging
 - Level 4.0 Stealth
 - Level 4.0 Shields
 + Level 15.3 Spellcasting
 - Level 0.7 Conjurations
 * Level 15.3 Air Magic
 - Level 8.0 Invocations
 + Level 4.9 Evocations


You had 18 spell levels left.
You knew the following spells:

 Your Spells              Type           Power        Failure   Level  Hunger
a - Airstrike             Air            ######....   1%          4    N/A
b - Passwall              Tmut/Erth      ###.....     4%          2    N/A
c - Ozocubu's Armour      Chrm/Ice       ###.....     10%         3    N/A
d - Lightning Bolt        Conj/Air       ######....   3%          5    N/A
e - Mephitic Cloud        Conj/Pois/Air  #####...     1%          3    N/A
q - Summon Lightning Spi  Summ/Air       ######..     1%          4    N/A
x - Swiftness             Chrm/Air       ######..     1%          2    N/A
z - Deflect Missiles      Chrm/Air       ######....   22%         6    N/A

Your spell library contained the following spells:

 Spells                   Type           Power        Failure   Level  Hunger
 Cause Fear               Hex            ###.......   32%         4    N/A
 Magic Dart               Conj           ###.         2%          1    N/A
 Fireball                 Conj/Fire      ###.......   61%         5    N/A
 Apportation              Tloc           ###...       3%          1    N/A
 Conjure Flame            Conj/Fire      ###.....     9%          3    N/A
 Bolt of Cold             Conj/Ice       ###.......   99%         6    N/A
 Bolt of Magma            Conj/Fire/Erth ###.......   63%         5    N/A
 Slow                     Hex            ###.....     4%          2    N/A
 Confuse                  Hex            ###.....     10%         3    N/A
 Invisibility             Hex            ###.....     99%         6    N/A
 Throw Flame              Conj/Fire      ###...       4%          2    N/A
 Throw Frost              Conj/Ice       ###...       4%          2    N/A
 Freezing Cloud           Conj/Ice/Air   #####.....   50%         6    N/A
 Ring of Flames           Chrm/Fire      ###.......   100%        7    N/A
 Venom Bolt               Conj/Pois      ###.......   61%         5    N/A
 Olgreb's Toxic Radiance  Pois           ###.....     32%         4    N/A
 Summon Small Mammal      Summ           ###.         3%          1    N/A
 Bolt of Draining         Conj/Necr      ####......   61%         5    N/A
 Lehudib's Crystal Spear  Conj/Erth      ###.......   100%        8    N/A
 Fire Storm               Conj/Fire      ###.......   100%        9    N/A
 Iskenderun's Mystic Bla  Conj           ###.....     24%         4    N/A
 Animate Dead             Necr           N/A          32%         4    N/A
 Pain                     Necr           ####         3%          1    N/A
 Animate Skeleton         Necr           N/A          3%          1    N/A
 Vampiric Draining        Necr           ####......   10%         3    N/A
 Freeze                   Ice            ###.         3%          1    N/A
 Ozocubu's Refrigeration  Ice            ###.......   99%         6    N/A
 Sticky Flame             Conj/Fire      ###.....     28%         4    N/A
 Summon Ice Beast         Ice/Summ       ###.....     32%         4    N/A
 Call Imp                 Summ           ###.....     4%          2    N/A
 Regeneration             Chrm/Necr      ####......   10%         3    N/A
 Sting                    Conj/Pois      ###.         2%          1    N/A
 Tukima's Dance           Hex            ###.....     10%         3    N/A
 Summon Demon             Summ           ###.......   65%         5    N/A
 Corpse Rot               Necr           N/A          4%          2    N/A
 Iron Shot                Conj/Erth      ###.......   99%         6    N/A
 Stone Arrow              Conj/Erth      ###...       9%          3    N/A
 Shock                    Conj/Air       ####         1%          1    N/A
 Recall                   Summ/Tloc      N/A          10%         3    N/A
 Ice Form                 Ice/Tmut       ###.....     32%         4    N/A
 Throw Icicle             Conj/Ice       ###.....     28%         4    N/A
 Shadow Creatures         Summ           N/A          99%         6    N/A
 Confusing Touch          Hex            ###...       3%          1    N/A
 Flame Tongue             Conj/Fire      ###..        2%          1    N/A
 Call Canine Familiar     Summ           ###.....     10%         3    N/A
 Ensorcelled Hibernation  Hex/Ice        ###...       4%          2    N/A
 Metabolic Englaciation   Hex/Ice        ###.......   65%         5    N/A
 Summon Butterflies       Summ           ###.....     3%          1    N/A
 Silence                  Hex/Air        ######....   3%          5    N/A
 Shatter                  Erth           ###.......   100%        9    N/A
 Static Discharge         Conj/Air       ######..     1%          3    N/A
 Corona                   Hex            ###....      3%          1    N/A
 Alistair's Intoxication  Tmut/Pois      ###.....     65%         5    N/A
 Lee's Rapid Deconstruct  Erth           ###.......   65%         5    N/A
 Simulacrum               Ice/Necr       ####......   99%         6    N/A
 Conjure Ball Lightning   Conj/Air       ######....   19%         6    N/A
 Chain Lightning          Conj/Air       ######....   100%        8    N/A
 Excruciating Wounds      Chrm/Necr      ####......   65%         5    N/A
 Portal Projectile        Hex/Tloc       ###...       10%         3    N/A
 Passage of Golubria      Tloc           N/A          32%         4    N/A
 Tornado                  Air            ######....   99%         9    N/A
 Leda's Liquefaction      Hex/Erth       ###.......   32%         4    N/A
 Summon Hydra             Summ           ###.......   100%        7    N/A
 Darkness                 Hex            ###.......   99%         6    N/A
 Shroud of Golubria       Chrm/Tloc      ###.......   4%          2    N/A
 Inner Flame              Hex/Fire       ###.....     10%         3    N/A
 Aura of Abjuration       Summ           ###.......   65%         5    N/A
 Fulminant Prism          Conj/Hex       ###.......   28%         4    N/A
 Dazzling Spray           Conj/Hex       ###...       9%          3    N/A
 Force Lance              Conj/Tloc      ###.....     28%         4    N/A
 Infusion                 Chrm           ###.         3%          1    N/A
 Searing Ray              Conj           ###...       3%          2    N/A
 Discord                  Hex            ###.......   100%        8    N/A
 Summon Forest            Summ/Tloc      ###.......   65%         5    N/A
 Summon Guardian Golem    Hex/Summ       ###.....     10%         3    N/A
 Summon Mana Viper        Hex/Summ       ###.....     65%         5    N/A
 Hydra Form               Tmut           ###.......   99%         6    N/A
 Yara's Violent Unravell  Hex/Tmut       ###.......   65%         5    N/A
 Lesser Beckoning         Tloc           ###.......   10%         3    N/A
 Poisonous Vapours        Pois/Air       ######       1%          2    N/A
 Ignition                 Fire           ###.......   100%        8    N/A

Dungeon Overview and Level Annotations

Branches:
Dungeon (11/15)            Temple (1/1) D:4            Lair (6/6) D:8
 Shoals (0/4) Lair:4       Spider (4/4) Lair:3        Slime (0/5) Lair:6
    Orc (2/2) D:10            Elf (3/3) Orc:2

Altars:
Ashenzari
Cheibriados
Dithmenos
Elyvilon
Fedhas
Gozag
Hepliaklqana
Kikubaaqudgha
Makhleb
Nemelex Xobeh
Okawaru
Qazlal
Ru
Sif Muna
Trog
Uskayaw
Vehumet
Wu Jian
Xom
Yredelemnul
Zin
The Shining One
Beogh

Shops:
D:7 %?[!?   D:9 ?   D:10 ([(   Orc:2 !%!(   Elf:2 %([:(

Annotations:
Spider:4 exclusion: 2 doors


Innate Abilities, Weirdness & Mutations

You do not eat or drink.
Your flesh is vulnerable to fire.
You are immune to poison.
Your flesh is cold resistant. (rC+)
You are immune to negative energy. (rN+++)
You are immune to unholy pain and torment.
You can survive without breathing.
You are in touch with the powers of death.


Message History

Unknown command.
Evoke which item? (* to show all) (? for menu, Esc to quit)
Okay, then.
Evoke which item? (* to show all) (? for menu, Esc to quit)
Aiming: Throw Flame
Press: ? - help, Shift-Dir - straight line The puff of flame hits something.
You feel you are being watched by something.
Something completely misses you. Something hits you but does no damage.
Something stings you but does no damage.
You closely miss something.
You feel you are being watched by something.
You feel your power leaking away. Something misses you.
You block something's attack. x2
Something hits you but does no damage. Something hits you!
* * * LOW HITPOINT WARNING * * *
Something stings you but does no damage.
Unknown command.
Your unstable footing causes you to fumble your attack.
You regain access to your magic.
You feel you are being watched by something.
You feel your power leaking away.
Something misses you. x2; Something stings you.
* * * LOW HITPOINT WARNING * * *
A wolf spider comes into view.
You feel you are being watched by something.
Something closely misses you. Something hits you!
* * * LOW HITPOINT WARNING * * *
You block something's attack.
Unknown command.
Casting: Airstrike (safe; 1% risk of failure)
Confirm with . or Enter, or press ? or * to list all spells.
Aiming: Airstrike (safe; 1% risk of failure)
Press: ? - help, Dir - move target cursor The air twists around and violently strikes something!
Sif Muna accepts your kill.
Reactivating autopickup.
You feel a bit more experienced.
The wolf spider hisses angrily.
Sif Muna grants you divine energy.
You briefly lose access to your magic!
Unknown command.
You are caught in the web!
There is a web here.
You struggle to detach yourself from the web.
You disentangle yourself.
The wolf spider hits your water elemental.
The wolf spider barely misses your water elemental.
The wolf spider hits your water elemental.
The wolf spider bites your water elemental!
Evoke which item? (* to show all) (? for menu, Esc to quit)
Okay, then.
You regain access to your magic.
Your water elemental engulfs the wolf spider in water!
The wolf spider slips free of the water.
Casting: Airstrike (safe; 1% risk of failure)
Confirm with . or Enter, or press ? or * to list all spells.
Aiming: Airstrike (safe; 1% risk of failure)
Press: ? - help, Dir - move target cursor, f - wolf spider
Aim: a wolf spider (heavily wounded, clinging)
The air twists around and strikes the wolf spider!
The wolf spider is severely wounded.
The wolf spider hits you!!
You die...

#≈≈###≈.^≈# ##...
#≈≈#≈≈.≈≈≈## #..≈
#≈≈≈...≈#≈.####..
##≈...###...###^≈
##)!..##
#..###..^ #≈...≈#
####^.†≈#
##....## #...†##
#...### ##≈.≈≈##
#≈@## #..^##.#
#.s≈# #^..##..
###E.≈# #.......
#≈†^#####
##......
#≈≈≈##..+
##≈...^#
#≈...≈..+
#≈....##
##..^..## #..≈.##
#.^#### #≈.###
##.# #≈.≈#


You could see a wolf spider and a friendly water elemental.

Vanquished Creatures
  Asterion (Spider:3)
  A deep elf blademaster (Elf:3)
  Gastronok (Lair:1)
  Frances (Spider:1)
  Agnes (Elf:1)
  An azure jelly (shapeshifter) (Elf:1)
  9 deep elf sorcerers
  3 ghost moths
  4 emperor scorpions
  2 deep elf elementalists (Elf:3)
  2 entropy weavers
  7 deep elf demonologists
  Nessos (Lair:5)
  7 deep elf annihilators (Elf:3)
  A minotaur (Lab)
  2 blizzard demons (IceCv)
  Snorg (D:10)
  7 deep elf death magi
  5 deep elf high priests
  5 hydras
  3 catoblepae (Lair:6)
  3 two-headed ogres
  8 death yaks
  24 dancing weapons
  7 orc high priests (Orc:2)
  13 deep elf knights
  Sonja (D:10)
  2 unseen horrors
  10 deep elf archers
  9 orc knights
  25 orb spiders
  33 wolf spiders
  2 ugly things
  4 oklob plants (Lair:6)
  64 deep elf magi
  2 manticores (Lair:6)
  2 orc sorcerers
  3 moths of wrath
  12 elephants
  2 ice statues
  6 black mambas
  11 spiny frogs
  2 komodo dragons (Lair:3)
  10 demonic crawlers
  3 anaconda simulacra (IceCv)
  7 ice devils (IceCv)
  5 polar bears
  56 jumping spiders
  4 trolls
  A queen bee (Lair:2)
  18 blink frogs
  Grinder (D:3)
  10 hippogriffs
  3 hornets
  2 air elementals (Elf:2)
  90 redbacks
  Sigmund (D:2)
  A shadow (D:11)
  5 wyverns
  40 tarantellas
  55 yaks
  3 dire elephant simulacra (IceCv)
  A wraith (D:10)
  3 fire elementals
  2 basilisks
  A steam dragon (D:8)
  3 iron troll simulacra (IceCv)
  7 wargs
  A harpy simulacrum (IceCv)
  13 water moccasins
  6 hydra simulacra (IceCv)
  3 porcupines
  2 ice beasts
  A black bear (D:11)
  3 ettin simulacra (IceCv)
  26 orc warriors
  3 sky beasts
  8 ogres
  28 wolves
  9 centaurs
  11 crocodiles
  3 big kobolds
  12 bullfrogs
  3 earth elementals
  A water moccasin zombie (D:6)
  4 scorpions
  An elephant simulacrum (IceCv)
  32 killer bees
  A swamp dragon simulacrum (IceCv)
  7 wights
  2 howler monkeys (D:7)
  An electric eel (Spider:1)
  2 crimson imps
  A bullfrog zombie (D:8)
  4 draconian simulacra (IceCv)
  38 orc priests
  7 hounds
  17 orc wizards
  2 bullfrog skeletons
  2 centaur skeletons
  Ijyb (D:3)
  Terence (D:2)
  4 iguanas
  Natasha (twice) (D:3 D:2)
  2 spriggan simulacra (IceCv)
  6 worker ants
  A polar bear simulacrum (IceCv)
  7 troll simulacra (IceCv)
  A wolf simulacrum (IceCv)
  A centaur simulacrum (IceCv)
  A hound zombie (D:6)
  A worker ant zombie (D:9)
  Robin (D:1)
  8 gnolls
  15 adders
  A naga simulacrum (IceCv)
  4 ogre simulacra (IceCv)
  A shadow imp (D:8)
  3 white imps (IceCv)
  4 ufetubi (IceCv)
  An ooze (D:1)
  3 worms
  A dart slug (D:3)
  3 leopard geckos
  98 orcs
  A giant cockroach (D:3)
  11 goblins
  8 hobgoblins
  8 jackals
  2 quokkas
  A ball python (D:3)
  6 bats
  10 frilled lizards
  13 kobolds
1127 creatures vanquished.

Vanquished Creatures (collateral kills)
  An emperor scorpion (Spider:3)
  A torpor snail (Spider:4)
  A polar bear (Lair:4)
3 creatures vanquished.

Vanquished Creatures (others)
  A deep elf knight (Elf:1)
  A hippogriff (Lair:5)
  4 goblins (D:2)
  10 fungi
  13 plants
  3 withered plants (D:8)
32 creatures vanquished.

Grand Total: 1162 creatures vanquished

Notes
Turn   | Place    | Note
-------+----------+-------------------------------------------
     0 | D:1      | Amnesiac the Mummy Air Elementalist began the quest for the Orb.
     0 | D:1      | Reached XP level 1. HP: 13/13 MP: 4/4
   147 | D:2      | Reached XP level 2. HP: 19/19 MP: 1/5
   447 | D:2      | Found a hazy altar of Hepliaklqana.
   502 | D:2      | Learned a level 2 spell: Swiftness
   526 | D:4      | Reached XP level 3. HP: 24/24 MP: 3/7
   579 | D:3      | Noticed Ijyb
   751 | D:4      | Reached XP level 4. HP: 30/30 MP: 2/9
   757 | D:4      | Learned a level 4 spell: Airstrike
   901 | D:4      | Found a shadowy altar of Dithmenos.
   959 | D:5      | Entered Level 5 of the Dungeon
   984 | D:5      | Reached XP level 5. HP: 32/35 MP: 4/11
  1117 | D:5      | Found a snail-covered altar of Cheibriados.
  1183 | D:4      | Found a staircase to the Ecumenical Temple.
  1188 | Temple   | Entered the Ecumenical Temple
  1202 | Temple   | Became a worshipper of Sif Muna the Loreminder
  1802 | D:2      | Noticed Sigmund
  1811 | D:2      | Killed Sigmund
  1811 | D:2      | Reached skill level 5 in Air Magic
  1811 | D:2      | Reached XP level 6. HP: 34/41 MP: 1/13
  2012 | D:2      | Reached skill level 5 in Spellcasting
  2049 | D:2      | Found a blossoming altar of Fedhas.
  2104 | D:2      | Noticed Robin
  2130 | D:1      | Killed Robin
  2204 | D:2      | Found a radiant altar of Vehumet.
  2311 | D:2      | Noticed Terence
  2329 | D:2      | Killed Terence
  2474 | D:3      | Reached * piety under Sif Muna
  2508 | D:3      | Found a faded altar of an unknown god.
  2556 | D:3      | Found a glowing golden altar of the Shining One.
  2556 | D:3      | Found a white marble altar of Elyvilon.
  2557 | D:3      | Found a glowing silver altar of Zin.
  2733 | D:3      | Killed Ijyb
  2818 | D:3      | Noticed Natasha
  2822 | D:3      | Killed Natasha
  2954 | D:3      | Noticed Grinder
  2960 | D:3      | Paralysed by Grinder for 5 turns
  2973 | D:3      | Killed Grinder
  2973 | D:3      | Reached skill level 1 in Shields
  2973 | D:3      | Reached XP level 7. HP: 46/46 MP: 0/15
  3079 | D:3      | Noticed Natasha
  3106 | D:2      | Killed Natasha
  4039 | D:5      | Found an opulent altar of Gozag.
  4120 | D:5      | Reached ** piety under Sif Muna
  4120 | D:5      | Reached XP level 8. HP: 50/52 MP: 0/17
  4609 | D:6      | Found a basalt altar of Yredelemnul.
  4648 | D:6      | Found a stormy altar of Qazlal.
  5191 | D:7      | Noticed a hippogriff
  5203 | D:7      | Killed a hippogriff
  5203 | D:7      | Reached *** piety under Sif Muna
  5203 | D:7      | Reached XP level 9. HP: 51/57 MP: 0/20
  5327 | D:7      | Found Ufoofamp's Food Shop.
  5417 | D:7      | Found Dekkelum's Distillery.
  5440 | D:7      | Got a bloodstained buckler
  5451 | D:7      | Identified the +2 buckler "Coaj" {rC+ rN+ MP-9 Slay+2} (You found it on level 7 of the Dungeon)
  5464 | D:7      | Found Zeetz's Armour Shop.
  5490 | D:7      | Found Sih Buptu's Magic Scroll Emporium.
  5517 | D:7      | Bought a scroll of magic mapping for 38 gold pieces
  5517 | D:7      | Bought a scroll of fear for 38 gold pieces
  5517 | D:7      | Bought a scroll of noise for 11 gold pieces
  5518 | D:7      | Bought a scroll of amnesia for 38 gold pieces
  6027 | D:8      | Found a sacrificial altar of Ru.
  6176 | D:8      | Reached **** piety under Sif Muna
  6198 | D:8      | Found a radiant altar of Vehumet.
  6294 | D:8      | Found an ancient bone altar of Kikubaaqudgha.
  6368 | D:8      | Noticed a two-headed ogre
  6458 | D:7      | Found Wanoaz's Magic Scroll Emporium.
  6603 | D:7      | Killed an unseen horror
  6603 | D:7      | Reached XP level 10. HP: 26/63 MP: 7/23
  6703 | D:7      | Reached skill level 10 in Air Magic
  6861 | D:8      | Found a staircase to the Lair.
  6944 | D:8      | Reached skill level 10 in Spellcasting
  6966 | D:8      | Found an iron altar of Okawaru.
  6972 | D:8      | Noticed a brown ugly thing
  6996 | D:8      | Killed a brown ugly thing
  6996 | D:8      | Reached ***** piety under Sif Muna
  6996 | D:8      | Identified Sif Muna's Reference Book on Conjuration (Sif Muna gifted it to you on level 8 of the Dungeon)
  6996 | D:8      | Received a gift from Sif Muna
  7204 | D:8      | Killed a two-headed ogre
  7893 | D:9      | Reached skill level 1 in Invocations
  7893 | D:9      | Reached XP level 11. HP: 51/68 MP: 0/26
  7964 | D:9      | Found Fyenly's Magic Scroll Shop.
  8202 | D:10     | Entered Level 10 of the Dungeon
  8223 | D:10     | Found Zaqodwuq's Weapon Shoppe.
  8256 | D:10     | Found Napnueq's Armour Shoppe.
  8296 | D:10     | Found a staircase to the Orcish Mines.
  8298 | D:10     | Found Ruutyju's Weapon Shoppe.
  8478 | D:10     | Noticed Snorg
  8524 | D:10     | Killed Snorg
  8570 | D:10     | Noticed Sonja
  8574 | D:10     | Killed Sonja
  8574 | D:10     | Reached skill level 1 in Fighting
  8901 | D:11     | Noticed a two-headed ogre
  8918 | D:11     | Killed a two-headed ogre
  9069 | D:11     | Found the macabre finger necklace {rN+}
  9276 | D:11     | Got a warped long sword
  9408 | D:11     | Killed an unseen horror
  9408 | D:11     | Reached skill level 5 in Invocations
  9459 | D:11     | Found a runed door.
  9478 | D:11     | Noticed a fire giant
  9478 | D:11     | Noticed a cyan ugly thing
  9538 | Orc:1    | Entered Level 1 of the Orcish Mines
  9538 | Orc:1    | Noticed an orc knight
  9620 | D:10     | Killed an orc knight
  9865 | Orc:1    | Noticed an orc knight
  9891 | Orc:1    | Killed an orc knight
  9891 | Orc:1    | Received a gift from Sif Muna
 10067 | Orc:1    | Noticed an orc knight
 10111 | D:10     | Killed an orc knight
 10463 | Orc:1    | Reached XP level 12. HP: 83/83 MP: 0/27
 10659 | Orc:1    | Paralysed by an orc sorcerer for 2 turns
 10950 | Orc:2    | Entered Level 2 of the Orcish Mines
 12065 | Orc:2    | Found a staircase to the Elven Halls.
 12166 | Orc:2    | Noticed an orc high priest
 12212 | Orc:2    | Killed an orc high priest
 12385 | Orc:2    | Noticed an orc high priest
 12412 | Orc:2    | Killed an orc high priest
 12655 | Orc:2    | Noticed an orc high priest
 12664 | Orc:2    | Killed an orc high priest
 12664 | Orc:2    | Reached skill level 5 in Fighting
 12879 | Orc:2    | Noticed an orc high priest
 12884 | Orc:2    | Killed an orc high priest
 12884 | Orc:2    | Reached skill level 5 in Dodging
 12962 | Orc:2    | Noticed an orc high priest
 12974 | Orc:2    | Killed an orc high priest
 13037 | Orc:2    | Found a roughly hewn altar of Beogh.
 13049 | Orc:2    | Found Omaf's Weapon Shop.
 13049 | Orc:2    | Found Irrunilo's Distillery.
 13110 | Orc:2    | Noticed a two-headed ogre
 13123 | Orc:2    | Killed a two-headed ogre
 13542 | Orc:2    | Noticed an orc high priest
 13548 | Orc:2    | Killed an orc high priest
 13779 | Orc:2    | Noticed an orc high priest
 13900 | Orc:2    | Killed an orc high priest
 13900 | Orc:2    | Gained mutation: You are in touch with the powers of death. [Mummy growth]
 13900 | Orc:2    | Reached XP level 13. HP: 83/95 MP: 10/29
 14005 | Orc:2    | Found Xiempov's Distillery.
 14005 | Orc:2    | Found Cuhiun's Food Shop.
 14294 | Lair:1   | Entered Level 1 of the Lair of Beasts
 14945 | Lair:1   | Got a polished trident
 15013 | Lair:1   | Noticed Gastronok
 15084 | Lair:1   | Killed Gastronok
 15367 | Lair:2   | Learned a level 5 spell: Lightning Bolt
 15405 | Lair:2   | Found a labyrinth entrance.
 15415 | Lab      | Identified a paperback manual
 15415 | Lab      | Entered a labyrinth
 18154 | Lab      | Noticed a minotaur
 18677 | Lab      | HP: 3/99 [minotaur/rapier of speed (8)]
 18678 | Lab      | Killed a minotaur
 18683 | Lab      | Got a crude lajatang
 20191 | Lair:2   | Identified the cursed +1 trident "Killer Klown's Doom" {pain, rC+ Str+2} (You found it on level 1 of the Lair of Beasts)
 20193 | Lair:2   | Identified the +9 long sword "Tojaen" {slice, rN+} (You found it on level 11 of the Dungeon)
 20198 | Lair:2   | Identified the +6 lajatang of the Unliving {holy, Dex+3} (You found it in a labyrinth)
 20378 | Lair:3   | Found a hole to the Spider Nest.
 20613 | Lair:3   | Reached skill level 10 in Fighting
 21383 | Lair:4   | Reached XP level 14. HP: 99/111 MP: 14/30
 21454 | Lair:4   | Found a staircase to the Shoals.
 21870 | Lair:4   | Identified Sif Muna's Tome of Darkness and Boosts (Sif Muna gifted it to you on level 4 of the Lair of Beasts)
 21870 | Lair:4   | Received a gift from Sif Muna
 22272 | Lair:4   | Learned a level 6 spell: Deflect Missiles
 22276 | Lair:4   | Learned a level 3 spell: Mephitic Cloud
 22930 | Lair:5   | Noticed Nessos
 22948 | Lair:5   | Killed Nessos
 23384 | Lair:6   | Entered Level 6 of the Lair of Beasts
 23941 | Lair:6   | Reached skill level 10 in Dodging
 24395 | Lair:6   | Found a staircase to the Slime Pits.
 26945 | Lair:6   | Reached XP level 15. HP: 67/120 MP: 0/31
 27227 | Lair:6   | Got a bound granite ring
 27229 | Lair:6   | Identified the ring "Batyubemo" {rCorr rC+ MR+ Stlth+} (You found it on level 6 of the Lair of Beasts)
 27526 | Elf:1    | Entered Level 1 of the Elven Halls
 27644 | Elf:1    | Identified a scroll of acquirement {!r}
 27645 | Elf:1    | Got a heavily runed hat
 27656 | Elf:1    | Identified the +2 hat of Vioss {+Fly Str+2} (You acquired it on level 1 of the Elven Halls)
 27717 | Elf:1    | Noticed Agnes
 27726 | Elf:1    | Killed Agnes
 27808 | Elf:1    | Got a citrine-encrusted leather armour
 27823 | Elf:1    | Identified the +2 leather armour "Gon Fij" {Str-2 Slay+6} (You found it on level 1 of the Elven Halls)
 27833 | Elf:1    | Found a frozen archway.
 27906 | IceCv    | Entered an ice cave
 28195 | IceCv    | Identified Hitatu's Reference Book on Hurtful Hexes (Sif Muna gifted it to you in an ice cave)
 28195 | IceCv    | Received a gift from Sif Muna
 28804 | IceCv    | Got a scorched battleaxe
 29670 | IceCv    | Got an ichor-stained hat
 29702 | IceCv    | Identified the +0 hat "Votask" {*Drain rF+ Dex+4} (You found it in an ice cave)
 31193 | Elf:1    | Identified Sif Muna's Papyrus of the Oath (Sif Muna gifted it to you on level 1 of the Elven Halls)
 31193 | Elf:1    | Received a gift from Sif Muna
 31404 | Elf:1    | Noticed a deep elf sorcerer
 31412 | Elf:1    | Killed a deep elf sorcerer
 31544 | Elf:1    | Identified the Compendium of Duck's Teeth
 31932 | Elf:2    | Found Divoxol's Antique Weapon Emporium.
 32197 | Elf:2    | Found Wocvuut's Antique Armour Shoppe.
 32209 | Elf:2    | Bought a glowing robe for 114 gold pieces
 32219 | Elf:2    | Bought a glowing robe for 114 gold pieces
 32242 | Elf:2    | Bought a wizard robe for 176 gold pieces
 32252 | Elf:2    | Identified the +4 robe "Kudaole" {rCorr Str+2 Int+4} (You bought it in a shop on level 2 of the Elven Halls)
 32253 | Elf:2    | Bought a diamond-encrusted leather armour for 217 gold pieces
 32253 | Elf:2    | Identified the cursed +1 leather armour of Pride {rC+++ MR- Slay+5} (You bought it in a shop on level 2 of the Elven Halls)
 32278 | Elf:2    | Found Biulliv's Weapon Shop.
 32349 | Elf:2    | Found Yczunas's Book Boutique.
 33064 | Elf:2    | Reached XP level 16. HP: 127/127 MP: 19/34
 33167 | Elf:2    | Found a runed gate.
 33167 | Elf:2    | Found a runed gate.
 33168 | Elf:2    | Found a runed gate.
 33424 | Elf:2    | Found Fecsav's Food Boutique.
 33909 | Elf:2    | Received a gift from Sif Muna
 34568 | Elf:3    | Entered Level 3 of the Elven Halls
 34885 | Elf:2    | Found Yczunas's Book Boutique.
 35119 | Elf:2    | Found Biulliv's Weapon Shop.
 35170 | Elf:2    | Found Divoxol's Antique Weapon Emporium.
 35214 | Elf:2    | Found Fecsav's Food Boutique.
 35884 | Elf:3    | Reached skill level 15 in Spellcasting
 35884 | Elf:3    | Reached skill level 15 in Air Magic
 35984 | Elf:3    | Reached skill level 1 in Evocations
 36367 | Elf:3    | Noticed a Hell Sentinel
 36945 | Elf:3    | Noticed a deep elf blademaster
 36959 | Elf:3    | Killed a deep elf blademaster
 37896 | Elf:3    | Reached XP level 17. HP: 100/133 MP: 27/36
 38300 | Elf:3    | Noticed an Ice Fiend
 38818 | Elf:3    | Got a warped hand axe {freeze}
 38834 | Elf:3    | Identified the cursed +3 hand axe of Weseh {freeze, rPois rF- rC+++ Dex+6} (You took it off a deep elf death mage on level 3 of the Elven Halls)
 39454 | Elf:3    | Got an ancient scale mail
 39488 | Elf:3    | Identified the +4 scale mail of the Arcane {Regen+ Stlth+} (You found it on level 3 of the Elven Halls)
 39909 | Spider:1 | Entered Level 1 of the Spider Nest
 40591 | Spider:1 | Noticed Frances
 40629 | Spider:1 | Killed Frances
 41157 | Spider:1 | Received a gift from Sif Muna
 43719 | Spider:2 | Reached XP level 18. HP: 145/145 MP: 35/37
 44580 | Spider:2 | Found a roughly hewn altar of Beogh.
 44585 | Spider:2 | Learned a level 2 spell: Passwall
 44590 | Spider:2 | Learned a level 4 spell: Summon Lightning Spire
 44840 | Spider:3 | Noticed Asterion
 44850 | Spider:3 | Killed Asterion
 45443 | Spider:2 | Reached skill level 15 in Dodging
 46115 | Spider:3 | Learned a level 3 spell: Ozocubu's Armour
 46513 | Spider:4 | Entered Level 4 of the Spider Nest
 46973 | Spider:3 | Reached skill level 15 in Fighting
 47474 | Spider:4 | Received a gift from Sif Muna
 49040 | Spider:4 | Slain by a wolf spider

Vault maps used:
D:1:      minmay_arrival_four_loops
D:2:      old_standard_altar, fiery_altar_vehumet, marbit_many_paths,
          uniq_terence, uniq_sigmund, uniq_robin
D:3:      good_gods_mini_temple, chequers_ecumenical_altar_twisty,
          minmay_lizard_king, uniq_ijyb, uniq_grinder, uniq_natasha
D:4:      nicolae_dithmenos_through_a_glass_darkly,
          minmay_temple_entry_from_below_a, first_ration, serial_bayou_lagoon_b
D:5:      nicolae_overflow_hidden_temple, grunt_gozag_breadcrumbs
D:6:      kennysheep_big_flooded_room, old_standard_altar,
          yredelemnul_altar_generic
D:7:      serial_shops, shop, shop, nicolae_shop_stone, shop,
          nicolae_shop_behind_doors
D:8:      old_standard_altar, nicolae_ru_awakened_eye,
          kiku_gazebo_garden_becter, lair_entry_dummy, vehumet_altar_wand_db
D:9:      serial_shops, shop
D:10:     orc_david_3, serial_shops, shop, uniq_snorg, uniq_sonja
D:11:     minivault_13
Temple:   jpeg_temple_island
Lair:1:   st_stairs_3, beast_lair_carwin_2, uniq_gastronok
Lair:2:   lab_entry_generic, special_room
Lair:3:   spider_nest_entry_funnel_web, grunt_megastairs_2, lemuel_fruit_tree
Lair:4:   minmay_shoals_entry_centaurs, columned_hall_lemuel,
          beast_lair_carwin_8, infiniplex_staircase_pool_2
Lair:5:   patterned_corridor, grunt_megastairs_5, serial_bayou_shore_b,
          uniq_nessos
Lair:6:   evilmike_catoblepas_cave, minmay_slime_entry_oklob_enclosed
Spider:1: spider_trap, spiders_nest_spider_trap, uniq_frances
Spider:2: nicolae_spider_mines_2
Spider:3: hangedman_spider_tarantella_strand, uniq_asterion
Spider:4: spider_rune_water
Orc:1:    mines2_lemuel
Orc:2:    st_orc_town, mines_bat_river
Elf:1:    eino_elf_arrival_customs, portal_ice_cave_entry_ice_statue_one,
          minmay_elf_sorcery, uniq_agnes
Elf:2:    serial_shops, nicolae_shop_behind_doors, shop, shop, shop,
          nicolae_shop_stone
Elf:3:    minmay_elf_hall_spiked
IceCv:    ice_cave_caverns_01

Skill      XL: |  1  2  3  4  5  6  7  8  9 10 11 12 13 14 15 16 17 18 |
---------------+-------------------------------------------------------+-----
Air Magic      | 3 4 5 6 8 9 11 12 14 15 | 15.3
Spellcasting   | 3 4 5 6 7 9 11 12 14 15 | 15.3
Shields        | 1 2 3 4 |  4.0
Invocations    | 1 5 8 |  8.0
Fighting       | 4 6 10 12 13 15 | 15.0
Dodging        | 4 6 9 11 12 14 15 | 15.0
Stealth        | 4 |  4.0
Evocations     | 4 |  4.9
Conjurations   | |  0.7

Action                   |  1- 3 |  4- 6 |  7- 9 | 10-12 | 13-15 | 16-18 || total
-------------------------+-------+-------+-------+-------+-------+-------++-------
Melee: Unarmed           |     4 |       |       |       |       |       ||     4
       Short sword       |       |     8 |    44 |    58 |    13 |       ||   123
       Long sword        |       |       |       |       |    44 |   102 ||   146
 Cast: Shock             |    27 |    72 |       |       |       |       ||    99
       Airstrike         |       |    27 |   196 |   678 |  1376 |  1213 ||  3490
       Swiftness         |       |       |       |     1 |       |       ||     1
       Deflect Missiles  |       |       |       |       |     5 |     2 ||     7
       Mephitic Cloud    |       |       |       |       |     1 |     4 ||     5
       Lightning Bolt    |       |       |       |       |       |    30 ||    30
       Summon Lightning  |       |       |       |       |       |     3 ||     3
Invok: Divine Energy     |       |     1 |       |       |       |       ||     1
       Channel Magic     |       |       |       |       |     1 |     1 ||     2
Evoke: Wand              |       |     4 |     1 |    20 |     3 |    13 ||    41
       Lightning rod     |       |       |       |       |       |     4 ||     4
       Lamp of fire      |       |       |       |       |       |     1 ||     1
       Phial of floods   |       |       |       |       |       |     1 ||     1
       Sack of spiders   |       |       |       |       |       |     1 ||     1
       Phantom mirror    |       |       |       |       |       |     1 ||     1
  Use: Scroll            |       |       |    12 |     5 |    18 |    10 ||    45
Armor: Robe              |     5 |     4 |    21 |       |     2 |   345 ||   377
       Steam dragon scal |       |       |       |    11 |       |       ||    11
       Troll leather arm |       |       |       |    83 |   105 |       ||   188
       Leather armour    |       |       |       |       |    25 |       ||    25
Dodge: Dodged            |    24 |    19 |    54 |   170 |   370 |   957 ||  1594
       Deflected         |       |       |       |       |    23 |    30 ||    53
Block: Buckler           |       |       |    12 |    75 |   106 |   417 ||   610
       Rpst.: Long sword |       |       |       |       |    78 |   194 ||   272

Table legend:
 A = Spawn XP
 B = Non-spawn XP
 C = Spawn XP percentage of total XP
 D = Spawn monster count
 E = Non-spawn monster count
 F = Spawn count percentage of total count
 G = Total turns spent on level
                    A         B        C        D         E        F      G
               +---------+---------+-------+---------+---------+-------+---------
         Total |       0 |  350985 |   0.0 |       0 |    1131 |   0.0 | 49040
               +---------+---------+-------+---------+---------+-------+---------
           D:1 |       0 |      31 |   0.0 |       0 |       7 |   0.0 |   495
           D:2 |       0 |     352 |   0.0 |       0 |      20 |   0.0 |  1137
           D:3 |       0 |     505 |   0.0 |       0 |      35 |   0.0 |   867
           D:4 |       0 |     462 |   0.0 |       0 |      15 |   0.0 |  1177
           D:5 |       0 |     421 |   0.0 |       0 |      15 |   0.0 |   900
           D:6 |       0 |     759 |   0.0 |       0 |      13 |   0.0 |   833
           D:7 |       0 |    2446 |   0.0 |       0 |      28 |   0.0 |   962
           D:8 |       0 |    4405 |   0.0 |       0 |      38 |   0.0 |  1321
           D:9 |       0 |    2546 |   0.0 |       0 |      33 |   0.0 |   819
          D:10 |       0 |    5303 |   0.0 |       0 |      37 |   0.0 |  1272
          D:11 |       0 |    3923 |   0.0 |       0 |      20 |   0.0 |   646
        Lair:1 |       0 |    6898 |   0.0 |       0 |      19 |   0.0 |   887
        Lair:2 |       0 |    6301 |   0.0 |       0 |      40 |   0.0 |  1297
        Lair:3 |       0 |   10098 |   0.0 |       0 |      33 |   0.0 |  1532
        Lair:4 |       0 |    6075 |   0.0 |       0 |      23 |   0.0 |   928
        Lair:5 |       0 |    7865 |   0.0 |       0 |      32 |   0.0 |  1511
        Lair:6 |       0 |   27996 |   0.0 |       0 |      82 |   0.0 |  3599
      Spider:1 |       0 |   28117 |   0.0 |       0 |      75 |   0.0 |  2756
      Spider:2 |       0 |   32972 |   0.0 |       0 |      87 |   0.0 |  2850
      Spider:3 |       0 |   15643 |   0.0 |       0 |      36 |   0.0 |  1489
      Spider:4 |       0 |   24774 |   0.0 |       0 |      66 |   0.0 |  1904
         Orc:1 |       0 |    4495 |   0.0 |       0 |      42 |   0.0 |  1511
         Orc:2 |       0 |   14289 |   0.0 |       0 |     113 |   0.0 |  2716
         Elf:1 |       0 |   28838 |   0.0 |       0 |      41 |   0.0 |  2508
         Elf:2 |       0 |   40840 |   0.0 |       0 |      57 |   0.0 |  4580
         Elf:3 |       0 |   63485 |   0.0 |       0 |      63 |   0.0 |  2963
           Lab |       0 |    1215 |   0.0 |       0 |       1 |   0.0 |  3398
         IceCv |       0 |    9931 |   0.0 |       0 |      60 |   0.0 |  2154
               +---------+---------+-------+---------+---------+-------+---------
